TOP OF THE 1ST |
San Jose Giants batting - Pitching for San Antonio Missions : LHP Luis Sanchez
|
Pitching: LHP Luis Sanchez
|
|
Batting: RHB Coen Dirks
|
0-0: SINGLE (Groundball, 34D, EV 104.4 MPH)
|
Batting: RHB Edwin Verdugo
|
0-0: Ball 1-0: Ball 2-0: Ball 3-0: DOUBLE (Flyball, 8LXD, EV 94.4 MPH) Coen Dirks to third Runner from 3rd tries for Home, SAFE, no throw by CF
|
Batting: RHB Frank Pena
|
0-0: Ball 1-0: Fly out, F8 (Flyball, 8LD, EV 102.5 MPH)
|
Batting: RHB Bob Schweiger
|
0-0: Ball 1-0: Foul Ball, location: 2F 1-1: Foul Ball, location: 2F 1-2: Foul Ball, location: 2F 1-2: Ball 2-2: Strikes out swinging
|
Batting: RHB Josh Truell
|
0-0: DOUBLE (Line Drive, 78D, EV 105.0 MPH) Edwin Verdugo scores
|
Batting: LHB Mike Roberts
|
0-0: Foul Ball, location: 2F 0-1: Foul Ball, location: 2F 0-2: SINGLE (Groundball, 4M, EV 100.6 MPH) Josh Truell to third Runner from 3rd tries for Home, SAFE, throw by CF to home Mike Roberts to second
|
Batting: LHB Oscar Tamayo
|
0-0: Ball 1-0: Called Strike 1-1: Ball 2-1: Called Strike 2-2: Ball 3-2: SINGLE (Groundball, 34D, EV 109.4 MPH) Mike Roberts to third Runner from 3rd tries for Home, throw by RF and OUT! 9-2
|
Top of the 1st over - 3 runs, 5 hits, 0 errors, 1 left on base; San Jose 3 - San Antonio 0 |
BOTTOM OF THE 1ST |
San Antonio Missions batting - Pitching for San Jose Giants : RHP Sergio Silva
|
Pitching: RHP Sergio Silva
|
|
Batting: RHB Dave McBain
|
0-0: Ball 1-0: Ball 2-0: Ball 3-0: Base on Balls
|
Batting: RHB Freddie Brown
|
0-0: Ball 1-0: Swinging Strike 1-1: Foul Ball, location: 2F 1-2: Ball 2-2: SINGLE (Line Drive, 8RS, EV 110.0 MPH) Dave McBain to second
|
Batting: RHB Mike Maserang
|
0-0: Foul Ball, location: 2F 0-1: Ball 1-1: SINGLE (Groundball, 56D, EV 101.2 MPH) Dave McBain to third Freddie Brown to second
|
Batting: LHB Matt Patnaude
|
0-0: Ball 1-0: Ball 2-0: Swinging Strike 2-1: Swinging Strike 2-2: Strikes out swinging
|
Batting: RHB Cesar Ortega
|
0-0: Foul Ball, location: 2F 0-1: Called Strike 0-2: Grounds into double play, 6-4-3 (Groundball, 56, EV 83.8 MPH)
|
Bottom of the 1st over - 0 runs, 2 hits, 0 errors, 2 left on base; San Jose 3 - San Antonio 0 |
TOP OF THE 2ND |
San Jose Giants batting - Pitching for San Antonio Missions : LHP Luis Sanchez
|
Batting: LHB Gil Caraveo
|
0-0: Ball 1-0: SINGLE (Groundball, 4MD, EV 100.0 MPH)
|
Batting: RHB Teruhide Horiuchi
|
0-0: Ball Gil Caraveo steals 2nd, throwing error, E2 Gil Caraveo to third 1-0: Ground out 4-3 (Groundball, 4, EV 81.9 MPH) Gil Caraveo scores
|
Batting: RHB Coen Dirks
|
0-0: SINGLE (Groundball, 4D, EV 106.2 MPH)
|
Batting: RHB Edwin Verdugo
|
0-0: Ball 1-0: Ball 2-0: Called Strike 2-1: Foul Ball, location: 2F 2-2: Fielders Choice at 2nd, 6-4 (Groundball, 6, EV 92.5 MPH)
|
Batting: RHB Frank Pena
|
0-0: Ball 1-0: Ball 2-0: Foul Ball, location: 2F 2-1: Called Strike 2-2: Foul Ball, location: 2F 2-2: Ball 3-2: Strikes out swinging
|
Top of the 2nd over - 1 run, 2 hits, 1 error, 1 left on base; San Jose 4 - San Antonio 0 |
BOTTOM OF THE 2ND |
San Antonio Missions batting - Pitching for San Jose Giants : RHP Sergio Silva
|
Batting: RHB John Freeman
|
0-0: Ball 1-0: Ball 2-0: Ground out 1-3 (Groundball, P, EV 63.1 MPH)
|
Batting: RHB Adrian Martinelli
|
0-0: Foul Ball, location: 2F 0-1: Foul Ball, location: 2F 0-2: Foul Ball, location: 2F 0-2: Strikes out swinging
|
Batting: LHB Josh Slusarczyk
|
0-0: Fly out, F2 (Popup, 25F, EV 78.1 MPH)
|
Bottom of the 2nd over - 0 runs, 0 hits, 0 errors, 0 left on base; San Jose 4 - San Antonio 0 |
TOP OF THE 3RD |
San Jose Giants batting - Pitching for San Antonio Missions : LHP Luis Sanchez
|
Batting: RHB Bob Schweiger
|
0-0: Ground out 6-3 (Groundball, 56, EV 101.9 MPH)
|
Batting: RHB Josh Truell
|
0-0: SINGLE (Line Drive, 4D, EV 98.1 MPH)
|
Batting: LHB Mike Roberts
|
0-0: Ball 1-0: Foul Ball, location: 2F 1-1: Called Strike 1-2: Ball 2-2: Fielders Choice at 2nd, 2-4 (Groundball, 15S, EV 67.5 MPH)
|
Batting: LHB Oscar Tamayo
|
0-0: Ball 1-0: Ball 2-0: Called Strike 2-1: Called Strike 2-2: Ball 3-2: Strikes out swinging
|
Top of the 3rd over - 0 runs, 1 hit, 0 errors, 1 left on base; San Jose 4 - San Antonio 0 |
BOTTOM OF THE 3RD |
San Antonio Missions batting - Pitching for San Jose Giants : RHP Sergio Silva
|
Batting: RHB Roberto Monzon
|
0-0: Foul Ball, location: 2F 0-1: Ball 1-1: Ball 2-1: Ball 3-1: Foul Ball, location: 2F 3-2: Base on Balls
|
Batting: RHB Dave McBain
|
0-0: Called Strike 0-1: Fielders Choice at 2nd, 5-4 (Groundball, 5, EV 90.0 MPH)
|
Batting: RHB Freddie Brown
|
0-0: Called Strike Dave McBain steals 2nd base 0-1: Called Strike 0-2: SINGLE (Groundball, 5D, EV 97.5 MPH) Dave McBain to third Runner from 3rd tries for Home, SAFE, throw by LF to home Freddie Brown to second
|
Batting: RHB Mike Maserang
|
0-0: Ball 1-0: Ball 2-0: Swinging Strike 2-1: Foul Ball, location: 2F 2-2: Fly out, F8 (Flyball, 8RM, EV 91.9 MPH)
|
Batting: LHB Matt Patnaude
|
0-0: Swinging Strike 0-1: Foul Ball, location: 2F 0-2: Foul Ball, location: 2F 0-2: Ground out 4-3 (Groundball, 4S, EV 78.1 MPH)
|
Bottom of the 3rd over - 1 run, 1 hit, 0 errors, 1 left on base; San Jose 4 - San Antonio 1 |
TOP OF THE 4TH |
San Jose Giants batting - Pitching for San Antonio Missions : LHP Luis Sanchez
|
Batting: LHB Gil Caraveo
|
0-0: Ball 1-0: Ground out 6-3 (Groundball, 6M, EV 88.1 MPH)
|
Batting: RHB Teruhide Horiuchi
|
0-0: Called Strike 0-1: Ball 1-1: Foul Ball, location: 2F 1-2: Ball 2-2: DOUBLE (Line Drive, 78XD, EV 114.4 MPH)
|
Batting: RHB Coen Dirks
|
0-0: Foul Ball, location: 2F 0-1: Called Strike 0-2: Foul Ball, location: 2F 0-2: Strikes out swinging
|
Batting: RHB Edwin Verdugo
|
0-0: Ball Wild Pitch! Teruhide Horiuchi to third 1-0: Ball 2-0: Called Strike 2-1: Foul Ball, location: 2F 2-2: Ball 3-2: Strikes out swinging
|
Top of the 4th over - 0 runs, 1 hit, 0 errors, 1 left on base; San Jose 4 - San Antonio 1 |
BOTTOM OF THE 4TH |
San Antonio Missions batting - Pitching for San Jose Giants : RHP Sergio Silva
|
Batting: RHB Cesar Ortega
|
0-0: Called Strike 0-1: Swinging Strike 0-2: Strikes out swinging
|
Batting: RHB John Freeman
|
0-0: Ball 1-0: Fly out, F8 (Flyball, 8RD, EV 93.1 MPH)
|
Batting: RHB Adrian Martinelli
|
0-0: DOUBLE (Groundball, 5L, EV 97.5 MPH)
|
Batting: LHB Josh Slusarczyk
|
0-0: Fly out, F8 (Line Drive, 78M, EV 111.9 MPH)
|
Bottom of the 4th over - 0 runs, 1 hit, 0 errors, 1 left on base; San Jose 4 - San Antonio 1 |
TOP OF THE 5TH |
San Jose Giants batting - Pitching for San Antonio Missions : LHP Luis Sanchez
|
Batting: RHB Frank Pena
|
0-0: Called Strike 0-1: Foul Ball, location: 2F 0-2: Strikes out swinging
|
Batting: RHB Bob Schweiger
|
0-0: Ball 1-0: Called Strike 1-1: Ball 2-1: Ball 3-1: Fly out, F4 (Popup, 4S, EV 74.4 MPH)
|
Batting: RHB Josh Truell
|
0-0: Fly out, F9 (Flyball, 89M, EV 98.1 MPH)
|
Top of the 5th over - 0 runs, 0 hits, 0 errors, 0 left on base; San Jose 4 - San Antonio 1 |
BOTTOM OF THE 5TH |
San Antonio Missions batting - Pitching for San Jose Giants : RHP Sergio Silva
|
Batting: RHB Roberto Monzon
|
0-0: Called Strike 0-1: Foul Ball, location: 2F 0-2: SINGLE (Line Drive, 8LS, EV 95.6 MPH)
|
Batting: RHB Dave McBain
|
0-0: Fly out, F8 (Flyball, 78M, EV 93.8 MPH)
|
Batting: RHB Freddie Brown
|
0-0: Ball 1-0: Ball Roberto Monzon steals 2nd base 2-0: Foul Ball, location: 2F 2-1: Ball 3-1: SINGLE (Groundball, 34D, EV 98.1 MPH) Roberto Monzon to third Runner from 3rd tries for Home, throw by RF and OUT! 9-2
|
Batting: RHB Mike Maserang
|
0-0: Ball 1-0: Called Strike 1-1: Ball 2-1: Ball 3-1: SINGLE (Groundball, 6MD, EV 98.8 MPH) Freddie Brown to second Runner from 2nd tries for 3rd, SAFE, no throw by CF
|
Batting: LHB Matt Patnaude
|
0-0: Ball 1-0: Foul Ball, location: 2F 1-1: Ball 2-1: Ball 3-1: Base on Balls Mike Maserang to second
|
Batting: RHB Cesar Ortega
|
0-0: Fielders Choice at 2nd, 6-4 (Groundball, 56, EV 84.4 MPH)
|
Bottom of the 5th over - 0 runs, 3 hits, 0 errors, 3 left on base; San Jose 4 - San Antonio 1 |
TOP OF THE 6TH |
San Jose Giants batting - Pitching for San Antonio Missions : LHP Luis Sanchez
|
Batting: LHB Mike Roberts
|
0-0: Ball 1-0: SINGLE (Groundball, 4MS, EV 70.0 MPH) (infield hit)
|
Batting: LHB Oscar Tamayo
|
0-0: Called Strike 0-1: 2-RUN HOME RUN (Flyball, 9D, EV 101.2 MPH), Distance : 381 ft
|
Pitching: RHP Tony Delgado
|
|
Batting: LHB Gil Caraveo
|
0-0: Ball 1-0: Swinging Strike 1-1: Ball 2-1: Swinging Strike 2-2: Strikes out swinging
|
Batting: RHB Teruhide Horiuchi
|
0-0: Foul Ball, location: 2F 0-1: Swinging Strike 0-2: SINGLE (Groundball, 34S, EV 70.6 MPH) (infield hit)
|
Batting: RHB Coen Dirks
|
0-0: Ball 1-0: Called Strike 1-1: Foul Ball, location: 2F 1-2: Strikes out swinging
|
Batting: RHB Edwin Verdugo
|
0-0: Called Strike Teruhide Horiuchi is caught stealing 2nd base 2-4
|
Top of the 6th over - 2 runs, 3 hits, 0 errors, 0 left on base; San Jose 6 - San Antonio 1 |
BOTTOM OF THE 6TH |
San Antonio Missions batting - Pitching for San Jose Giants : RHP Sergio Silva
|
Pitching: RHP Brian Yinger
|
|
Batting: RHB John Freeman
|
0-0: Fly out, F9 (Line Drive, 89M, EV 94.4 MPH)
|
Batting: RHB Adrian Martinelli
|
0-0: Fly out, F8 (Line Drive, 8LM, EV 98.8 MPH)
|
Batting: LHB Josh Slusarczyk
|
0-0: Called Strike 0-1: Swinging Strike 0-2: Ground out 6-3 (Groundball, 6M, EV 95.6 MPH)
|
Bottom of the 6th over - 0 runs, 0 hits, 0 errors, 0 left on base; San Jose 6 - San Antonio 1 |
TOP OF THE 7TH |
San Jose Giants batting - Pitching for San Antonio Missions : RHP Tony Delgado
|
Batting: RHB Edwin Verdugo
|
0-0: Swinging Strike 0-1: Swinging Strike 0-2: Ball 1-2: Strikes out swinging
|
Batting: RHB Frank Pena
|
0-0: Ball 1-0: Swinging Strike 1-1: Fly out, F4 (Popup, 23, EV 78.8 MPH)
|
Batting: RHB Bob Schweiger
|
0-0: SINGLE (Groundball, 56D, EV 101.2 MPH)
|
Batting: RHB Josh Truell
|
0-0: Called Strike Bob Schweiger steals 2nd base 0-1: Ball 1-1: Called Strike 1-2: Ball 2-2: Ball 3-2: Foul Ball, location: 2F 3-2: Strikes out looking
|
Top of the 7th over - 0 runs, 1 hit, 0 errors, 1 left on base; San Jose 6 - San Antonio 1 |
BOTTOM OF THE 7TH |
San Antonio Missions batting - Pitching for San Jose Giants : RHP Brian Yinger
|
Batting: RHB Roberto Monzon
|
0-0: Ball 1-0: Ball 2-0: Called Strike 2-1: Ball 3-1: Called Strike 3-2: Foul Ball, location: 2F 3-2: Strikes out swinging
|
Batting: RHB Dave McBain
|
0-0: Ball 1-0: Called Strike 1-1: Ground out 5-3 (Groundball, 56, EV 83.8 MPH)
|
Batting: RHB Freddie Brown
|
0-0: Ball 1-0: Foul Ball, location: 2F 1-1: Fly out, F7 (Flyball, 78S, EV 78.1 MPH)
|
Bottom of the 7th over - 0 runs, 0 hits, 0 errors, 0 left on base; San Jose 6 - San Antonio 1 |
TOP OF THE 8TH |
San Jose Giants batting - Pitching for San Antonio Missions : RHP Tony Delgado
|
Batting: LHB Mike Roberts
|
0-0: Called Strike 0-1: Called Strike 0-2: Foul Ball, location: 2F 0-2: Strikes out swinging
|
Batting: LHB Oscar Tamayo
|
0-0: SINGLE (Groundball, 4S, EV 71.9 MPH) (infield hit)
|
Batting: LHB Gil Caraveo
|
0-0: Ball 1-0: Fly out, F9 (Flyball, 9D, EV 88.8 MPH)
|
Batting: RHB Teruhide Horiuchi
|
0-0: Ball 1-0: SINGLE (Flyball, 6MD, EV 86.2 MPH) Oscar Tamayo to second
|
Batting: RHB Coen Dirks
|
0-0: Ball 1-0: Ball 2-0: Ball 3-0: Called Strike 3-1: Called Strike 3-2: Strikes out looking
|
Top of the 8th over - 0 runs, 2 hits, 0 errors, 2 left on base; San Jose 6 - San Antonio 1 |
BOTTOM OF THE 8TH |
San Antonio Missions batting - Pitching for San Jose Giants : RHP Brian Yinger
|
Batting: RHB Mike Maserang
|
0-0: Ball 1-0: Called Strike 1-1: Ball 2-1: SINGLE (Groundball, 6MD, EV 104.4 MPH)
|
Batting: LHB Matt Patnaude
|
0-0: Called Strike 0-1: Called Strike 0-2: Ball 1-2: Ball 2-2: Foul Ball, location: 2F 2-2: Ball 3-2: Fly out, F8 (Flyball, 8LXD, EV 105.0 MPH)
|
Pitching: RHP Ricky Fo
|
|
Batting: RHB Cesar Ortega
|
0-0: Called Strike 0-1: Ball 1-1: Foul Ball, location: 2F 1-2: Strikes out swinging
|
Batting: RHB John Freeman
|
0-0: Ball 1-0: SINGLE (Groundball, 56D, EV 97.5 MPH) Mike Maserang to second
|
Batting: RHB Adrian Martinelli
|
0-0: Hit by Pitch Mike Maserang to third John Freeman to second
|
Pitching: LHP Jimmy Heinecke
|
|
Pinch Runner at 1st Jaden Scott:
|
|
Pinch Hitting: RHB David Aguilar
|
0-0: Ball 1-0: Ground out 6-3 (Groundball, 6S, EV 73.1 MPH)
|
Bottom of the 8th over - 0 runs, 2 hits, 0 errors, 3 left on base; San Jose 6 - San Antonio 1 |
TOP OF THE 9TH |
San Jose Giants batting - Pitching for San Antonio Missions : RHP Tony Delgado
|
Pitching: RHP Colin Dorsey
|
|
Now at 3B: Teko van de Sande
|
|
Now at SS: Jaden Scott
|
|
Batting: RHB Edwin Verdugo
|
0-0: Ball 1-0: Called Strike 1-1: Swinging Strike 1-2: Strikes out swinging
|
Batting: RHB Frank Pena
|
0-0: Ball 1-0: Ball 2-0: Ball 3-0: Called Strike 3-1: Base on Balls
|
Batting: RHB Bob Schweiger
|
0-0: Ball Frank Pena steals 2nd base 1-0: Called Strike 1-1: Swinging Strike 1-2: Strikes out looking
|
Batting: RHB Josh Truell
|
0-0: Called Strike 0-1: Foul Ball, location: 2F 0-2: Ball 1-2: Ball Wild Pitch! Frank Pena to third 2-2: Strikes out looking
|
Top of the 9th over - 0 runs, 0 hits, 0 errors, 1 left on base; San Jose 6 - San Antonio 1 |
BOTTOM OF THE 9TH |
San Antonio Missions batting - Pitching for San Jose Giants : LHP Jimmy Heinecke
|
Batting: RHB Roberto Monzon
|
0-0: Ball 1-0: Foul Ball, location: 2F 1-1: Ball 2-1: Called Strike 2-2: Ball 3-2: Strikes out looking
|
Batting: RHB Dave McBain
|
0-0: Fly out, F8 (Flyball, 8LD, EV 108.8 MPH)
|
Batting: RHB Freddie Brown
|
0-0: Called Strike 0-1: Ball 1-1: Fly out, F9 (Flyball, 9, EV 73.1 MPH)
|
Bottom of the 9th over - 0 runs, 0 hits, 0 errors, 0 left on base; San Jose 6 - San Antonio 1 |
|